 Dungeon Crawl Stone Soup version 0.18.1-48-g4cf74bf (webtiles) character file.

2685 Gadfly the Destroyer (level 9, -1/72 HPs)
             Began as a Green Draconian Conjurer on July 19, 2016.
             Was a Priest of Vehumet.
             Slain by a killer bee (5 damage)
             ... on level 8 of the Dungeon on July 21, 2016.
             The game lasted 00:42:40 (8369 turns).

Gadfly the Destroyer (Green Draconian Conjurer)     Turns: 8369, Time: 00:42:40

Health: -1/72      AC: 12    Str: 11    XL:     9   Next: 38%
Magic:  11/16      EV: 10    Int: 17    God:    Vehumet [***...]
Gold:   576        SH:  5    Dex: 13    Spells: 6 memorised, 2 levels left

rFire  . . .     SeeInvis +     g - +2 quarterstaff (chaos)
rCold  . . .     Gourm    .     (armour unavailable)
rNeg   + . .     Faith    .     (shield currently unavailable)
rPois  +         Spirit   .     A - +2 hat
rElec  .         Dismiss  .     o - +1 cloak {MR+}
rCorr  .         Reflect  +     l - +0 pair of gloves
SustAt .         Harm     .     (no boots)
MR     +....                    y - +5 amulet of reflection
Stlth  ++........               j - ring of positive energy
                                s - ring of see invisible

@: somewhat resistant to hostile enchantments, unstealthy
A: breathe noxious fumes, unfitting armour, poison resistance, cold-blooded, AC
+7
a: Breathe Noxious Fumes, Renounce Religion


You were on level 8 of the Dungeon.
You worshipped Vehumet.
Vehumet was most pleased with you.
You were not hungry.

You visited 1 branch of the dungeon, and saw 8 of its levels.

You collected 576 gold pieces.

Inventory:

Hand Weapons
 g - a +2 quarterstaff of chaos (weapon)
Armour
 l - a +0 pair of gloves (worn)
 o - a +1 cloak of magic resistance (worn)
 A - a +2 hat (worn)
Jewellery
 e - an uncursed amulet of regeneration
 f - an uncursed amulet of rage
 j - a ring of positive energy (right hand)
 s - a ring of see invisible (left hand)
 u - an uncursed amulet of the gourmand
 y - a +5 amulet of reflection (around neck)
Wands
 m - a wand of disintegration (11/24)
Scrolls
 i - a scroll of teleportation
 n - 2 scrolls of identify
 q - 5 scrolls of remove curse
 x - a scroll of enchant armour
 B - a scroll of enchant weapon {unknown}
Potions
 d - a potion of agility
 h - 6 potions of curing
 r - 2 potions of heal wounds
 t - a potion of lignification
 v - 3 potions of flight
Books
 a - a book of Conjurations

   Spells                             Type                      Level
   a - Magic Dart                     Conjuration                  1
   b - Searing Ray                    Conjuration                  2
   c - Dazzling Spray                 Conjuration/Hexes            3
   d - Fulminant Prism                Conjuration/Hexes            4
   e - Iskenderun's Mystic Blast      Conjuration                  4
   f - Iskenderun's Battlesphere      Conjuration/Charms           5
 p - a book of Maledictions

   Spells                             Type                      Level
   a - Corona                         Hexes                        1
   b - Ensorcelled Hibernation        Hexes/Ice                    2
   c - Confuse                        Hexes                        3
   d - Tukima's Dance                 Hexes                        3
   e - Dazzling Spray                 Conjuration/Hexes            3
Comestibles
 b - 4 bread rations
 c - 4 meat rations
 k - 3 beef jerkies
 w - 2 slices of pizza
 z - 6 chunks of flesh


   Skills:
 + Level 4.3 Fighting
 + Level 3.9 Staves
 + Level 5.8 Dodging
 - Level 1.7 Stealth
 + Level 5.0 Spellcasting
 * Level 8.1 Conjurations
 * Level 1.3 Air Magic
 * Level 4.4 Poison Magic
 + Level 0.2 Evocations


You had 2 spell levels left.
You knew the following spells:

 Your Spells              Type           Power        Failure   Level  Hunger
a - Magic Dart            Conj           ####         1%          1    None
b - Searing Ray           Conj           ####..       1%          2    #......
c - Iskenderun's Mystic   Conj           ####....     2%          4    ####...
d - Sting                 Conj/Pois      ####         1%          1    None
e - Iskenderun's Battles  Conj/Chrm      ###.....     34%         5    ######.
f - Mephitic Cloud        Conj/Pois/Air  ###.....     2%          3    ###....


Dungeon Overview and Level Annotations

Branches:
Dungeon (8/15)             Temple (0/1) D:6
   Lair: D:8-11

Altars:
Ashenzari
Elyvilon
Kikubaaqudgha
Qazlal
Sif Muna
Trog
Vehumet
Zin
The Shining One

Shops:
D:4 *   D:5 =   D:8 %

Annotations:
D:8 Blomdor's ghost, novice FoAr


Innate Abilities, Weirdness & Mutations

You can breathe blasts of noxious fumes.
Your lurid green scales are hard (AC +7).
Your body does not fit into most forms of armour.
Your system is resistant to poisons.
You are cold-blooded and may be slowed by cold attacks.


Message History

Blomdor's ghost hits you but does no damage.
You barely miss Blomdor's ghost.
Blomdor's ghost is lightly damaged.
Blomdor's ghost hits you.
* * * LOW HITPOINT WARNING * * *
Blomdor's ghost hits you but does no damage.
Read which item? (? for menu, Esc to quit)
As you read the scroll of teleportation, it crumbles to dust.
You feel strangely unstable. Blomdor's ghost hits you!!
* * * LOW HITPOINT WARNING * * *
Your surroundings suddenly seem different.
A killer bee comes into view.
The killer bee buzzes angrily.
Found two stone staircases leading down. 2 killer bees come into view.
The killer bee barely misses you. x2
There is a stone staircase leading down here.
The killer bee buzzes angrily. x2; You hear an angry buzzing noise.
The killer bee stings you.
You die...

. .. ...
....#######
.y........#
....>y.@..#
......y...+
####......#
#......#
#......#
#......#
#......#
#......#
########


You could see 3 killer bees.

Vanquished Creatures
  A basilisk (D:7)
  A hungry ghost (D:8)
  A hippogriff (D:7)
  An orc warrior (D:6)
  8 ogres
  2 giant frogs
  2 scorpions (D:6)
  4 killer bees
  A howler monkey (D:6)
  A crimson imp (D:8)
  A giant frog zombie (D:5)
  3 jellies
  4 hounds
  Crazy Yiuf (D:2)
  3 orc priests
  5 orc wizards
  2 iguanas
  Jessica (D:2)
  5 worker ants
  A hound zombie (D:8)
  Robin (D:4)
  8 adders
  7 gnolls
  A howler monkey skeleton (D:4)
  2 shadow imps
  An adder zombie (D:6)
  5 worms
  A dart slug (D:4)
  4 giant geckos
  27 orcs
  3 bat zombies (D:7)
  4 giant cockroaches
  8 goblins
  17 hobgoblins
  6 jackals
  4 quokkas
  3 bats
  A giant gecko zombie (D:6)
  6 kobolds
  2 quokka skeletons (D:5)
  6 rats
  A rat zombie (D:7)
166 creatures vanquished.

Vanquished Creatures (others)
  A giant cockroach (D:2)
1 creature vanquished.

Grand Total: 167 creatures vanquished

Notes
Turn   | Place    | Note
--------------------------------------------------------------
     0 | D:1      | Gadfly the Draconian Conjurer began the quest for the Orb.
     0 | D:1      | Reached XP level 1. HP: 14/14 MP: 3/3
   589 | D:1      | Reached XP level 2. HP: 20/20 MP: 0/5
   668 | D:1      | Learned a level 2 spell: Searing Ray
  1255 | D:2      | Found a glowing golden altar of the Shining One.
  1406 | D:2      | Reached XP level 3. HP: 26/26 MP: 4/6
  1570 | D:2      | Reached skill level 5 in Conjurations
  1572 | D:2      | Noticed Jessica
  1584 | D:2      | Killed Jessica
  1585 | D:2      | Found a white marble altar of Elyvilon.
  1613 | D:2      | Became a worshipper of Elyvilon the Healer
  1672 | D:2      | Noticed Crazy Yiuf
  1680 | D:2      | Killed Crazy Yiuf
  1680 | D:2      | Reached XP level 4. HP: 5/34 MP: 0/7
  1985 | D:2      | Fell from the grace of Elyvilon
  2022 | D:2      | Found a radiant altar of Vehumet.
  2040 | D:2      | Became a worshipper of Vehumet
  2594 | D:3      | Found a stormy altar of Qazlal.
  2741 | D:3      | Found a deep blue altar of Sif Muna.
  2766 | D:3      | Learned a level 4 spell: Iskenderun's Mystic Blast
  2816 | D:3      | Reached XP level 5. HP: 37/39 MP: 1/8
  3393 | D:4      | Reached skill level 1 in Fighting
  3487 | D:4      | Reached * piety under Vehumet
  3487 | D:4      | Offered knowledge of Sting by Vehumet.
  3566 | D:4      | Noticed an ogre
  3596 | D:4      | Killed an ogre
  3596 | D:4      | Reached skill level 1 in Staves
  3596 | D:4      | Reached XP level 6. HP: 35/47 MP: 1/10
  3621 | D:4      | Reached skill level 6 in Conjurations
  3696 | D:4      | Found Zin's Purification Station.
  3754 | D:4      | Found a glowing silver altar of Zin.
  3759 | D:4      | Noticed Robin
  3788 | D:4      | Killed Robin
  3964 | D:4      | Your scales start taking on a lurid green colour.
  3964 | D:4      | Reached XP level 7. HP: 53/55 MP: 2/11
  3964 | D:4      | Gained mutation: Your system is resistant to poisons. [Green Draconian growth]
  3967 | D:4      | Learned a level 1 spell: Sting
  4379 | D:4      | Offered knowledge of Sandblast by Vehumet.
  4390 | D:5      | Entered Level 5 of the Dungeon
  4468 | D:5      | Reached skill level 1 in Poison Magic
  4473 | D:5      | Reached ** piety under Vehumet
  4941 | D:5      | Found Fianui Vyler's Jewellery Boutique.
  4971 | D:5      | Found a bloodstained altar of Trog.
  5672 | D:6      | Reached XP level 8. HP: 62/62 MP: 6/13
  6115 | D:6      | Found a shattered altar of Ashenzari.
  6141 | D:6      | Found a staircase to the Ecumenical Temple.
  6244 | D:6      | Reached skill level 5 in Dodging
  6850 | D:6      | Reached skill level 7 in Conjurations
  7019 | D:6      | Learned a level 5 spell: Iskenderun's Battlesphere
  7203 | D:7      | Offered knowledge of Mephitic Cloud by Vehumet.
  7512 | D:7      | Reached XP level 9. HP: 47/71 MP: 12/16
  7627 | D:7      | Learned a level 3 spell: Mephitic Cloud
  7864 | D:7      | Reached *** piety under Vehumet
  7876 | D:7      | Found an ancient bone altar of Kikubaaqudgha.
  7928 | D:8      | Found Rimn's Food Emporium.
  7944 | D:8      | Reached skill level 1 in Air Magic
  8020 | D:8      | Reached skill level 8 in Conjurations
  8099 | D:8      | Reached skill level 5 in Spellcasting
  8339 | D:8      | Noticed Blomdor's ghost (novice FoAr)
  8362 | D:8      | HP: 2/72 [Blomdor's ghost (18)]
  8369 | D:8      | Slain by a killer bee

Skill      XL: |  1  2  3  4  5  6  7  8  9 |
---------------+----------------------------+-----
Conjurations   | 5 6 7 8 |  8.1
Dodging        | 2 3 4 5 |  5.8
Fighting       | 1 2 4 |  4.3
Staves         | 1 2 3 |  3.9
Spellcasting   | 3 4 5 |  5.0
Poison Magic   | 2 3 4 |  4.4
Air Magic      | 1 |  1.3
Stealth        | |  1.7
Evocations     | |  0.2

Action                   |  1- 3 |  4- 6 |  7- 9 || total
-------------------------+-------+-------+-------++-------
Melee: Unarmed           |     9 |       |       ||     9
       Mace              |    31 |     2 |       ||    33
       Tailslap          |     4 |     4 |    16 ||    24
       Quarterstaff      |       |   105 |   210 ||   315
 Cast: Magic Dart        |    51 |    26 |    80 ||   157
       Searing Ray       |     6 |     3 |     3 ||    12
       Iskenderun's Myst |       |     5 |    15 ||    20
       Sting             |       |       |    53 ||    53
       Mephitic Cloud    |       |       |     5 ||     5
Invok: Renounce Religion |       |     1 |       ||     1
 Abil: Breathe Noxious F |       |       |     2 ||     2
Evoke: Wand              |       |     2 |     2 ||     4
  Use: Scroll            |     4 |     5 |     6 ||    15
       Potion            |     3 |     5 |     1 ||     9
 Stab: Sleeping          |       |     1 |     2 ||     3
       Paralysed         |       |     2 |       ||     2
       Confused          |       |       |     2 ||     2
  Eat: Chunk             |     4 |     8 |    31 ||    43
Armor: Skin              |    20 |    35 |    81 ||   136
Dodge: Dodged            |    31 |    73 |   173 ||   277
Block: Other             |       |       |    25 ||    25
